 Dungeon Crawl Stone Soup version 0.20-a0-210-gd6c29eb (webtiles) character file.

30941 KristoblXynda the Basher (level 13, 0/93 HPs)
             Began as a Minotaur Hunter on Nov 26, 2016.
             Was a High Priest of Okawaru.
             Succumbed to a spiny frog's poison
             ... on level 5 of the Lair of Beasts.
             The game lasted 00:47:06 (21390 turns).

KristoblXynda the Basher (Minotaur Hunter)         Turns: 21390, Time: 00:47:07

Health: 0/93       AC: 24    Str: 20    XL:     13   Next: 23%
Magic:  18/18      EV: 20    Int: 10    God:    Okawaru [*****.]
Gold:   1055       SH:  0    Dex: 11    Spells: 12/12 levels left

rFire  + + +     SeeInvis +     t - +3 whip (pain)
rCold  x . .     Gourm    .     q - +4 chain mail of the Alphagorgon {+Blink rF++ rC- SInv}
rNeg   . . .     Faith    .     (no shield)
rPois  .         Spirit   .     (helmet restricted)
rElec  .         Reflect  .     (no cloak)
rCorr  .         Harm     .     j - +0 pair of gloves
MR     .....                    v - +2 pair of boots
Stlth  ..........               (no amulet)
                                a - ring of Shaolin {EV+8}
                                r - ring of protection from fire

@: lethally poisoned (0 -> -7)
A: retaliatory headbutt, horns 2, molten scales 1
a: Heroism, Finesse, Renounce Religion, Evoke Blink


You were on level 5 of the Lair of Beasts.
You worshipped Okawaru.
Okawaru was extremely pleased with you.
You were not hungry.

You visited 3 branches of the dungeon, and saw 16 of its levels.
You also visited: Sewer.

You collected 1055 gold pieces.

Inventory:

Hand Weapons
 i - a +2 flail of holy wrath
 t - a +3 whip of pain (weapon)
Missiles
 c - 6 javelins (quivered)
 d - 2 throwing nets
 x - 2 steel javelins
 A - 6 javelins of returning
Armour
 j - a +0 pair of gloves (worn)
 q - the +4 chain mail of the Alphagorgon (worn) {+Blink rF++ rC- SInv}
   (Okawaru gifted it to you on level 2 of the Lair of Beasts)

   It greatly protects you from fire.
   It makes you vulnerable to cold.
   It lets you see invisible.
   It lets you blink.
 v - a +2 pair of boots (worn)
Jewellery
 a - the ring of Shaolin (right hand) {EV+8}
   (You found it on level 5 of the Dungeon)

   [ring of evasion]

   It affects your evasion (+8).
 k - an uncursed ring of positive energy
 r - a ring of protection from fire (left hand)
 I - an uncursed ring of wizardry {unknown}
Wands
 g - a wand of acid (6/15)
 n - a wand of acid (0/15)
 o - a wand of lightning (7/15)
 s - a wand of disintegration (2/24)
 y - a wand of teleportation (3/9)
 z - a wand of iceblast (10/15)
Scrolls
 l - 2 scrolls of amnesia
 p - 4 scrolls of identify
 w - 4 scrolls of recharging
 B - a scroll of fog
 D - a scroll of immolation
Potions
 b - 2 potions of flight
 h - 4 potions of brilliance
 m - a potion of cure mutation
Books
 G - a book of Spatial Translocations

   Spells                             Type                      Level
   a - Blink                          Translocation                2
   b - Shroud of Golubria             Charms/Translocation         2
   c - Lesser Beckoning               Translocation                3
   d - Portal Projectile              Translocation                3
   e - Teleport Other                 Translocation                3
   f - Passage of Golubria            Translocation                4
Miscellaneous
 E - a phial of floods
Comestibles
 f - 6 bread rations
 u - a royal jelly
 C - 6 fruits


   Skills:
 - Level 2.4 Fighting
   Level 1.0(10.1) Axes
 - Level 14.9(15.0) Maces & Flails
 - Level 6.0 Throwing
 - Level 13.7 Armour
 + Level 8.3 Dodging
 - Level 0.7 Stealth
 + Level 9.2 Invocations
 + Level 6.3 Evocations


You had 12 spell levels left.
You didn't know any spells.

Dungeon Overview and Level Annotations

Branches:
Dungeon (10/15)            Temple (1/1) D:6            Lair (5/6) D:9
  Swamp (0/4) Lair:4       Spider (0/4) Lair:3        Slime (0/5) Lair:5
    Orc: D:9-12

Altars:
Ashenzari
Cheibriados
Dithmenos
Elyvilon
Fedhas
Gozag
Hepliaklqana
Kikubaaqudgha
Makhleb
Nemelex Xobeh
Okawaru
Qazlal
Ru
Sif Muna
Trog
Uskayaw
Vehumet
Xom
Yredelemnul
Zin
The Shining One

Annotations:
Lair:4 exclusion: 2 oklob plants


Innate Abilities, Weirdness & Mutations

You reflexively headbutt those who attack you in melee.
You have a pair of horns on your head.
You are partially covered in molten scales. (AC +2)


Message History

The black mamba closely misses you.
* * * LOW HITPOINT WARNING * * *
You feel sick. The black mamba closely misses you. The black mamba misses you.
You furiously retaliate!
You headbutt the black mamba!
You see here a porcupine corpse.
Unknown command.
You hit the black mamba.
The black mamba is moderately wounded.
You hit the black mamba. Your headbutt misses the black mamba.
The black mamba is heavily wounded.
* * * LOW HITPOINT WARNING * * *
You feel sick. The black mamba misses you.
Your chain mail of the Alphagorgon prevents you from hitting the black mamba.
The black mamba is heavily wounded.
The catoblepas bellows!
The black mamba misses you.
* * * LOW HITPOINT WARNING * * *
You feel sick. The black mamba closely misses you.
The black mamba completely misses you.
You die...

.......## .... # ##.P#P..###
#..#.#.# # ##..PP.#.#.# #..##...#
# #...........# ##....... #
..#...#..#...##...##..#
..#.....## ......P###.#######
..##.....# ..#P.P#..P.#...##
..#.#...... #..............#
#........... #=@...........##
.#....>....#. ###.#.P...#.P..##
#............###.†S.P.#...P.#.###
....#.....#........#........#.#.P
(###..#..##..P.P..P..........§...
.###.....###.#...............#...
..##..#..#.......†.(....P...#....
.......................).....S...
##..........#...........Y...##.#.


You could see a black mamba.

Vanquished Creatures
  4 hydras
  Erica (Lair:1)
  3 death yaks (Lair:1)
  Pikel (D:4)
  A wolf spider (Lair:4)
  An orb spider (Lair:3)
  3 elephants (Lair:3)
  Joseph (D:9)
  An eye of devastation (Lair:5)
  4 black mambas
  7 spiny frogs
  A torpor snail (Lair:3)
  A rime drake (Lair:3)
  4 komodo dragons
  A two-headed ogre (D:9)
  2 hornets
  8 blink frogs
  10 hippogriffs
  5 basilisks
  24 yaks
  A wyvern (Lair:3)
  A hungry ghost (D:9)
  Edmund (D:5)
  12 water moccasins
  7 porcupines
  An eye of draining (Lair:5)
  2 orc warriors
  An ice beast (D:8)
  A phantom (D:9)
  9 wolves
  10 ogres
  8 centaurs
  10 crocodiles
  8 big kobolds
  12 bullfrogs
  2 howler monkeys (D:8)
  2 electric eels
  2 bullfrog zombies (D:6)
  A centaur zombie (D:6)
  9 crimson imps
  7 hounds
  2 jellies
  5 orc priests
  6 gnoll shamans
  A bullfrog skeleton (D:7)
  9 orc wizards
  3 centaur skeletons
  8 iguanas
  8 worker ants
  A killer bee zombie (D:7)
  2 hound zombies
  2 hound skeletons (D:4)
  A worker ant zombie (D:6)
  43 gnolls
  21 adders
  3 river rats (Sewer)
  7 shadow imps
  3 oozes (Sewer)
  An adder zombie (D:7)
  4 adder skeletons
  5 worms
  2 dart slugs
  5 leopard geckos
  24 orcs
  5 giant cockroaches
  6 goblins
  5 hobgoblins
  29 jackals
  22 kobolds
  6 quokkas
  8 ball pythons
  3 bats
  4 frilled lizards
  2 jackal skeletons
  A leopard gecko skeleton (D:4)
  A leopard gecko zombie (D:9)
  A quokka skeleton (D:6)
  14 rats
463 creatures vanquished.

Vanquished Creatures (others)
  A sky beast (D:5)
  3 slaves (D:5)
  A centaur (D:5)
  An orc priest (D:5)
  An orc wizard (D:5)
  12 fungi
  20 plants
39 creatures vanquished.

Grand Total: 502 creatures vanquished

Notes
Turn   | Place    | Note
-------+----------+-------------------------------------------
     0 | D:1      | KristoblXynda the Minotaur Hunter began the quest for the Orb.
     0 | D:1      | Reached XP level 1. HP: 18/18 MP: 0/0
   259 | D:1      | Reached XP level 2. HP: 24/25 MP: 1/1
   637 | D:2      | Reached XP level 3. HP: 27/30 MP: 2/2
  1707 | D:3      | Reached skill level 1 in Armour
  1707 | D:3      | Reached XP level 4. HP: 23/37 MP: 3/3
  1874 | D:3      | Found a snail-covered altar of Cheibriados.
  1972 | D:3      | Reached skill level 5 in Throwing
  1979 | D:3      | Reached skill level 1 in Axes
  1979 | D:3      | Reached XP level 5. HP: 3/42 MP: 4/4
  1991 | D:3      | HP: 2/42 [poisoned by kobold (curare-tipped needle)]
  2372 | D:3      | Noticed an ogre
  2385 | D:3      | Killed an ogre
  2385 | D:3      | Reached skill level 1 in Maces & Flails
  2759 | D:4      | Gained mutation: Your body sometimes deteriorates upon taking damage. [potion of mutation]
  2759 | D:4      | Gained mutation: You expend magic power (3 MP) to strengthen your wands. [potion of mutation]
  2759 | D:4      | Gained mutation: You evolve. [potion of mutation]
  2760 | D:4      | Gained mutation: You are partially covered in molten scales. (AC +2) [potion of mutation]
  2760 | D:4      | Lost mutation: Your body sometimes deteriorates upon taking damage. [potion of mutation]
  2760 | D:4      | Gained mutation: Your muscles are strong. (Str +2) [potion of mutation]
  2775 | D:4      | Noticed an ogre
  2782 | D:4      | Killed an ogre
  2782 | D:4      | Reached skill level 2 in Maces & Flails
  2782 | D:4      | Reached XP level 6. HP: 37/50 MP: 5/5
  2914 | D:4      | Reached skill level 3 in Maces & Flails
  3198 | D:4      | Found a hide-covered altar of Uskayaw.
  3392 | D:4      | Reached XP level 7. HP: 36/56 MP: 6/6
  3452 | D:4      | Reached skill level 4 in Maces & Flails
  3472 | D:4      | Reached skill level 5 in Armour
  3685 | D:4      | Lost mutation: You expend magic power (3 MP) to strengthen your wands. [evolution]
  3912 | D:4      | Reached skill level 5 in Maces & Flails
  4542 | D:4      | Reached XP level 8. HP: 62/62 MP: 7/7
  4654 | D:4      | Reached skill level 6 in Maces & Flails
  4891 | D:5      | Entered Level 5 of the Dungeon
  4902 | D:5      | Noticed Pikel
  4942 | D:4      | Killed Pikel
  4942 | D:4      | Reached skill level 7 in Maces & Flails
  5120 | D:5      | Reached skill level 8 in Maces & Flails
  5171 | D:5      | Found a white marble altar of Elyvilon.
  5177 | D:5      | Noticed Edmund
  5206 | D:5      | Found a glowing drain.
  5219 | Sewer    | Entered a sewer
  5635 | Sewer    | Reached XP level 9. HP: 61/68 MP: 8/8
  5975 | Sewer    | Reached skill level 9 in Maces & Flails
  6148 | D:5      | Killed Edmund
  6320 | D:5      | Lost mutation: You evolve. [end of evolution]
  6643 | D:5      | Found a glowing silver altar of Zin.
  6646 | D:5      | Found a deep blue altar of Sif Muna.
  6787 | D:6      | Reached skill level 10 in Armour
  6985 | D:6      | Reached skill level 10 in Maces & Flails
  6994 | D:6      | Found a staircase to the Ecumenical Temple.
  7338 | Temple   | Entered the Ecumenical Temple
  7621 | Temple   | Became a worshipper of Warmaster Okawaru
  7762 | D:6      | Reached skill level 1 in Invocations
  7818 | D:6      | Gained mutation: You occasionally shout uncontrollably at your foes. [potion of mutation]
  7818 | D:6      | Gained mutation: You are frail. (-10% HP) [potion of mutation]
  7818 | D:6      | Gained mutation: Your mind is acute. (Int +2) [potion of mutation]
  7819 | D:6      | Lost mutation: Your muscles are strong. (Str +2) [potion of cure mutation]
  7819 | D:6      | Lost mutation: You are frail. (-10% HP) [potion of cure mutation]
  7819 | D:6      | Lost mutation: You occasionally shout uncontrollably at your foes. [potion of cure mutation]
  7819 | D:6      | Lost mutation: Your mind is acute. (Int +2) [potion of cure mutation]
  8752 | D:7      | Reached * piety under Okawaru
  9357 | D:7      | Found a shimmering altar of Xom.
  9470 | D:7      | Reached XP level 10. HP: 70/74 MP: 11/11
  9490 | D:7      | Found a stormy altar of Qazlal.
  9813 | D:7      | Reached skill level 1 in Evocations
  9837 | D:7      | Reached skill level 11 in Maces & Flails
 10061 | D:8      | Reached ** piety under Okawaru
 11177 | D:9      | Reached *** piety under Okawaru
 11823 | D:9      | Noticed Joseph
 11853 | D:9      | Killed Joseph
 11853 | D:9      | Received a gift from Okawaru
 11853 | D:9      | Reached skill level 12 in Maces & Flails
 12261 | D:9      | Found a staircase to the Lair.
 12568 | D:10     | Entered Level 10 of the Dungeon
 12603 | D:10     | Paralysed by a hornet for 3 turns
 12619 | D:10     | Reached XP level 11. HP: 24/80 MP: 13/13
 13109 | Lair:1   | Entered Level 1 of the Lair of Beasts
 13151 | Lair:1   | Reached **** piety under Okawaru
 13184 | Lair:1   | Noticed a death yak
 13185 | Lair:1   | Noticed a death yak
 13193 | Lair:1   | Noticed a death yak
 13263 | Lair:1   | Noticed Erica
 13307 | Lair:1   | Killed Erica
 13307 | Lair:1   | Reached skill level 5 in Evocations
 13728 | Lair:1   | Received a gift from Okawaru
 14051 | Lair:1   | Killed a death yak
 14063 | Lair:1   | Killed a death yak
 14063 | Lair:1   | Reached skill level 13 in Maces & Flails
 14072 | Lair:1   | Killed a death yak
 14372 | Lair:1   | Reached ***** piety under Okawaru
 14514 | Lair:1   | Reached skill level 5 in Invocations
 14538 | Lair:1   | Received a gift from Okawaru
 15273 | Lair:2   | Noticed a four-headed hydra
 15279 | Lair:2   | Killed a four-headed hydra
 15279 | Lair:2   | Received a gift from Okawaru
 15640 | Lair:2   | Noticed a seven-headed hydra
 15647 | Lair:2   | Killed a seven-headed hydra
 15647 | Lair:2   | Received a gift from Okawaru
 15647 | Lair:2   | Reached XP level 12. HP: 74/88 MP: 15/15
 15655 | Lair:2   | Got a topaz-encrusted chain mail {god gift}
 15666 | Lair:2   | Identified the +4 chain mail of the Alphagorgon {+Blink rF++ rC- SInv} (Okawaru gifted it to you on level 2 of the Lair of Beasts)
 16861 | Lair:3   | Reached skill level 14 in Maces & Flails
 16986 | Lair:3   | Reached skill level 5 in Dodging
 17716 | Lair:3   | Found a hole to the Spider Nest.
 17815 | Lair:3   | Found a runed door.
 18431 | Lair:3   | Noticed a four-headed hydra
 18445 | Lair:3   | Killed a four-headed hydra
 18495 | Lair:4   | Found a staircase to the Swamp.
 18773 | Lair:4   | Received a gift from Okawaru
 20243 | Lair:5   | Found a staircase to the Slime Pits.
 20243 | Lair:5   | Noticed an eight-headed hydra
 20262 | Lair:5   | Killed an eight-headed hydra
 20262 | Lair:5   | Reached XP level 13. HP: 75/93 MP: 18/18
 20279 | Lair:5   | Received a gift from Okawaru
 20594 | Lair:5   | Received a gift from Okawaru
 21383 | Lair:5   | HP: 4/93 [poisoned by a spiny frog]
 21389 | Lair:5   | HP: 1/93 [poisoned by a spiny frog]
 21390 | Lair:5   | Succumbed to a spiny frog's poison

Vault maps used:
D:1:      lemuel_arrival_lava_pool, roderic_three_in_a_row
D:3:      kennysheep_slug_shrine
D:4:      lemuel_castle_with_subvaults, kennysheep_little_box, first_bread
D:5:      nicolae_overflow_hidden_temple, portal_sewer_entry_a, uniq_pikel,
          uniq_edmund
D:7:      marbit_many_paths, lemuel_centaur_altar
D:9:      david_lair_shrubbed, uniq_joseph
D:10:     orc_0_dummy
Temple:   regret_index_temple_generic_petals
Lair:1:   uniq_erica
Lair:2:   minmay_holes, grunt_megastairs_3, lemuel_fruit_fields
Lair:3:   nicolae_spider_entry_orb_guardian, pf_torpor_hydra, lemuel_fruit_tree
Lair:4:   minmay_lair_venomous_thicket, swamp_mist, grunt_megastairs_2,
          serial_bayou_shore_b, minmay_lair_oklob_chamber, lemuel_fruit_fields
Lair:5:   minmay_slime_entry_eyes, infiniplex_staircase_pool
Sewer:    sewer_co_tree

Skill      XL: |  1  2  3  4  5  6  7  8  9 10 11 12 13 |
---------------+----------------------------------------+-----
Dodging        | 3 7 8 |  8.3
Armour         | 1 2 3 4 6 8 10 12 13 | 13.7
Throwing       | 5 6 |  6.0
Axes           | 1 |  1.0
Maces & Flails | 2 3 5 8 10 12 13 14 | 14.9
Invocations    | 3 5 8 9 |  9.2
Evocations     | 4 5 6 |  6.3
Fighting       | |  2.4
Stealth        | |  0.7

Action                   |  1- 3 |  4- 6 |  7- 9 | 10-12 | 13-15 || total
-------------------------+-------+-------+-------+-------+-------++-------
Melee: Short sword       |    51 |       |       |       |       ||    51
       Headbutt          |    12 |    27 |   119 |   262 |    50 ||   470
       Whip              |    56 |   111 |   747 |  1317 |   243 ||  2474
       War axe           |       |     8 |       |       |       ||     8
       Flail             |       |       |     7 |    11 |       ||    18
Throw: Javelin           |     3 |       |     9 |     3 |       ||    15
Evoke: Wand              |       |       |       |    21 |     2 ||    23
  Use: Potion            |       |     4 |     7 |     2 |     1 ||    14
       Scroll            |       |    15 |    11 |    11 |     1 ||    38
 Stab: Sleeping          |     1 |       |       |       |       ||     1
  Eat: Chunk             |     2 |     1 |     1 |    10 |     2 ||    16
       Meat ration       |       |     1 |     3 |       |       ||     4
       Bread ration      |       |       |     1 |     2 |       ||     3
       Royal jelly       |       |       |     1 |       |       ||     1
       Pizza             |       |       |     1 |       |       ||     1
       Fruit             |       |       |       |    14 |     1 ||    15
       Beef jerky        |       |       |       |     1 |       ||     1
Armor: Leather armour    |    31 |       |       |       |       ||    31
       Scale mail        |       |    58 |   123 |       |       ||   181
       Skin              |       |       |    32 |       |       ||    32
       Chain mail        |       |       |    39 |   433 |    56 ||   528
Dodge: Dodged            |    73 |    94 |   422 |   786 |   126 ||  1501
